 Dungeon Crawl Stone Soup version 0.28-a0-704-g4d584c6bc1 (webtiles) character file.

Game seed: 9531139266475824456

394 dkjbcfkj the Vexing (level 6, -1/28 HPs)
             Began as a Spriggan Enchanter on Oct 24, 2021.
             Was an Initiate of Dithmenos.
             Killed from afar by a white imp (7 damage)
             ... with a puff of frost
             ... on level 6 of the Dungeon.
             The game lasted 00:14:30 (7086 turns).

dkjbcfkj the Vexing (Spriggan Enchanter)            Turns: 7086, Time: 00:14:31

Health: -1/28      AC: 11    Str:  6    XL:     6   Next: 51%
Magic:  9/15       EV: 17    Int: 17    God:    Dithmenos [......]
Gold:   295        SH:  0    Dex: 15    Spells: 8/16 levels left

rFire   . . .      SeeInvis +   k - +1 short sword (protect)
rCold   . . .      Faith    .   (shield restricted)
rNeg    . . .      Spirit   .   b - +1 robe
rPois   .          Reflect  .   (helmet restricted)
rElec   .          Harm     .   l - +0 cloak
rCorr   .          Rampage  .   (gloves unavailable)
Will    ++...                   (boots unavailable)
Stlth   +++.......              (no amulet)
HPRegen 0.09/turn               g - ring of willpower
MPRegen 0.14/turn               (no ring)

@: under a protective aura, very quick
A: very small, no large weapons, unfitting armour, see invisible, speed 3
a: Renounce Religion


You were on level 6 of the Dungeon.
You worshipped Dithmenos.
Dithmenos was noncommittal.
You visited 1 branch of the dungeon, and saw 6 of its levels.

You collected 295 gold pieces.

Inventory:

Hand Weapons
 a - a +2 dagger
 k - a +1 short sword of protection (weapon)
Missiles
 i - 14 poisoned darts (quivered)
Armour
 b - a +1 robe (worn)
 l - a +0 cloak (worn)
Jewellery
 e - a ring of ice
 g - a ring of willpower (left hand)
Scrolls
 h - 2 scrolls of teleportation
Potions
 c - a potion of curing
 f - a potion of cancellation
 j - a potion of resistance
 m - a potion of brilliance


   Skills:
 - Level 1.1 Short Blades
 - Level 2.6 Dodging
 + Level 5.9 Stealth
 + Level 5.9 Spellcasting
 + Level 6.4 Hexes


You had 8 spell levels left.
You knew the following spells:

 Your Spells              Type           Power      Damage    Failure   Level
a - Ensorcelled Hibernat  Hex/Ice        32%        N/A       5%          2
b - Tukima's Dance        Hex            26%        N/A       2%          3
c - Dazzling Flash        Conj/Hex       32%        N/A       11%         3

Your spell library contained the following spells:

 Spells                   Type           Power      Damage    Failure   Level
 Confusing Touch          Hex            26%        N/A       2%          3


Dungeon Overview and Level Annotations

Branches:
Dungeon (6/15)
 Temple: D:4-7

Altars:
Dithmenos
Nemelex Xobeh

Annotations:
D:3 Grinder


Innate Abilities, Weirdness & Mutations

You are very small and have problems with some larger weapons.
You are too small for most types of armour.
You have supernaturally acute eyesight. (SInv)
You cover ground extremely quickly. (Speed+++)


Message History

The white imp completely misses you.
The centaur unwields a +0 shortbow.
The centaur wields a +0 whip.
The centaur completely misses you. The centaur kicks you.
You hit the white imp.
The white imp is heavily wounded.
The bullfrog snags a nearby moth with its tongue.
The white imp gestures at you. The puff of frost hits you!
* * * LOW HITPOINT WARNING * * *
The centaur hits you with a +0 whip.
* * * LOW HITPOINT WARNING * * *
The centaur closely misses you.
Casting: Ensorcelled Hibernation (safe; 5% risk of failure)
Confirm with . or Enter, or press ? or * to list all spells.
Aiming: Ensorcelled Hibernation (safe; 5% risk of failure)
Press: ? - help, Shift-Dir - straight line, f - centaur
Aim: a centaur, wielding a +0 whip and quivering arrows (chance to affect: 47%)
The centaur resists with some effort.
The centaur completely misses you. The centaur barely misses you.
The white imp misses you.
The centaur hits you but does no damage.
The centaur kicks you but does no damage.
Casting: Ensorcelled Hibernation (safe; 5% risk of failure)
Confirm with . or Enter, or press ? or * to list all spells.
Aiming: Ensorcelled Hibernation (safe; 5% risk of failure)
Press: ? - help, Shift-Dir - straight line, f/p - centaur
Aim: a centaur, wielding a +0 whip and quivering arrows (chance to affect: 47%)
The centaur resists with some effort.
The white imp completely misses you. The centaur hits you with a +0 whip.
* * * LOW HITPOINT WARNING * * *
The centaur kicks you but does no damage.
Casting: Ensorcelled Hibernation (safe; 5% risk of failure)
Confirm with . or Enter, or press ? or * to list all spells.
Aiming: Ensorcelled Hibernation (safe; 5% risk of failure)
Press: ? - help, Shift-Dir - straight line, f/p - centaur
Aim: a centaur, wielding a +0 whip and quivering arrows (chance to affect: 47%)
The centaur resists with some effort.
The centaur misses you.
The centaur kicks you but does no damage.
The white imp gestures at you. The puff of frost hits you!
You die...

#######.......#
#............ #.......#
#######...... #......<#
########......
##.......###.......(.....
.............'..).....>....
.............#.............
.
..............#.............
..
..........c...#........)....
..........5@..#.............
.........F...#.....).......
............#....[........
...........#.....).......
..........#.............
..........#.............
..........#.............
..........#########+####
..........#


You could see a bullfrog, a centaur and a white imp.

Vanquished Creatures
  3 hounds (D:5)
  An orc wizard (D:5)
  An iguana (D:5)
  7 adders
  An ufetubus (D:3)
  2 worms
  2 dart slugs (D:3)
  8 orcs
  6 endoplasms
  5 giant cockroaches
  7 goblins
  5 hobgoblins
  7 kobolds
  3 quokkas
  4 ball pythons
  6 bats
  6 frilled lizards
  9 rats
83 creatures vanquished.

Vanquished Creatures (collateral kills)
  An orc warrior (D:6)
1 creature vanquished.

Vanquished Creatures (others)
  A dancing weapon (D:6)
  A fungus (D:2)
  2 plants (D:2)
4 creatures vanquished.

Grand Total: 88 creatures vanquished

Notes
Turn   | Place    | Note
-------+----------+-------------------------------------------
     0 | D:1      | dkjbcfkj the Spriggan Enchanter began the quest for the
                  | Orb.
     0 | D:1      | Reached XP level 1. HP: 9/9 MP: 5/5
   251 | D:1      | Reached skill level 4 in Hexes
   251 | D:1      | Reached XP level 2. HP: 11/13 MP: 7/7
   254 | D:1      | Learned a level 2 spell: Ensorcelled Hibernation
  1989 | D:2      | Reached XP level 3. HP: 2/16 MP: 0/9
  2808 | D:2      | Learned a level 3 spell: Tukima's Dance
  2812 | D:2      | Learned a level 3 spell: Dazzling Flash
  2853 | D:2      | Reached XP level 4. HP: 6/21 MP: 2/11
  3773 | D:2      | Reached skill level 5 in Hexes
  3791 | D:2      | HP: 1/21 [adder (3)]
  4125 | D:2      | Found a faded altar of an unknown god.
  4308 | D:3      | Noticed Grinder
  4312 | D:3      | Paralysed by Grinder for 3 turns
  5147 | D:4      | Found a sparkling altar of Nemelex Xobeh.
  5270 | D:4      | Noticed an ogre
  5278 | D:4      | Noticed a wyvern
  5310 | D:5      | Entered Level 5 of the Dungeon
  5562 | D:5      | Reached skill level 5 in Spellcasting
  5562 | D:5      | Reached XP level 5. HP: 8/24 MP: 1/13
  5819 | D:6      | Noticed an ice beast
  5858 | D:6      | Noticed an ogre
  5859 | D:6      | Noticed a centaur
  6095 | D:6      | Noticed an orc warrior
  6116 | D:6      | Killed an orc warrior
  6117 | D:6      | Reached skill level 5 in Stealth
  6117 | D:6      | Reached skill level 6 in Hexes
  6122 | D:6      | Reached XP level 6. HP: 23/28 MP: 3/15
  6861 | D:5      | Found a shadowy altar of Dithmenos.
  6869 | D:5      | Became a worshipper of Dithmenos the Shadowed
  7086 | D:6      | Killed from afar by a white imp

Illustrated notes

Levels and vault maps discovered:
D:1:      dpeg_arrival_prison, layout_loops_ring
D:2:      layout_loops_cross, shapermc_ecumenical_altar_petra, st_stairs_1
D:3:      layout_basic, minmay_divided_ellipse, uniq_grinder
D:4:      layout_rooms, nemelex_xobeh_ov_fountains_minmay,
          lemuel_temple_firewalk_b, hellmonk_ghost_happy_afterlife,
          kennysheep_generic_room_16
D:5:      layout_gridville, mainiacjoe_overflow_six_doors_small, serial_shops,
          shop
D:6:      layout_basic, grunt_temple_overflow_diamond

Skill      XL: |  1  2  3  4  5 |
---------------+----------------+-----
Spellcasting   | 3 4 5 |  5.9
Hexes          | 4 5 6 |  6.4
Stealth        | 5 |  5.9
Short Blades   | |  1.1
Dodging        | |  2.6

Action                   |  1- 3 |  4- 6 || total
-------------------------+-------+-------++-------
Melee: Dagger            |   115 |   134 ||   249
       Short sword       |       |     6 ||     6
 Cast: Ensorcelled Hiber |    22 |    51 ||    73
       Tukima's Dance    |       |     4 ||     4
  Use: Scroll            |     5 |     8 ||    13
       Potion            |     4 |       ||     4
 Stab: Sleeping          |    21 |    30 ||    51
       Invisible         |     4 |       ||     4
Armor: Robe              |    14 |    17 ||    31
Dodge: Dodged            |    81 |   147 ||   228

Table legend: (Time is in decaauts)
 A = Elapsed time spent in this place.
 B = Non-inter-level travel time spent in this place.
 C = Inter-level travel time spent in this place.
 D = Time resting spent in this place.
 E = Time spent auto-exploring this place.
 F = Levels seen in this place.
 G = Mean time per level.
                   A        B        C        D        E       F      G
               +--------+--------+--------+--------+--------+-----+--------+
         Total |   5970 |   5888 |     82 |   2340 |   2453 |   6 |  995.0 |
       Dungeon |   5970 |   5888 |     82 |   2340 |   2453 |   6 |  995.0 |
               +--------+--------+--------+--------+--------+-----+--------+

Top non-repeatable levels by time:
     D:1: 2201 daAuts
     D:2: 1514 daAuts
     D:6: 823 daAuts
     D:3: 670 daAuts
     D:5: 635 daAuts
     D:4: 124 daAuts
